Map: Blackpink LE

Players

SamuraiFunn

  • Race: Protoss Protoss
  • Spawn Location: 7:00

A.I. 1 (Very Hard) - Winner!

  • Race: Zerg Zerg
  • Spawn Location: 1:00

VOD

Have the link to the VOD?

Description

Time

  • Played on: Nov. 18, 2017, 12:02 p.m.
  • Length: 16:30
Show
View Real Time Build Order
Export as new Build Order

SamuraiFunn Protoss 

Build Orders:  

Get SALT Encoding   

  12  0:01  Probe  
  13  0:13  Probe  
  14  0:26  Pylon  
  14  0:31  Probe  
  15  0:39  Assimilator  
  15  0:44  Probe  
  16  0:56  Probe  
  17  1:06  Gateway  
  17  1:10  Probe  
  18  1:22  Probe  
  19  1:34  Nexus  
  19  1:39  Probe  
  20  1:54  Probe  
  21  2:11  Cybernetics Core  
  21  2:16  Pylon  
  21  2:21  Probe  
  22  2:34  Zealot  
  22  2:36  Probe  
  25  2:45  Assimilator  
  25  2:48  Probe  
  25  2:50  Probe  
  27  3:00  Probe, Warp Gate (Chrono Boost)  
  27  3:01  Zealot  
  27  3:04  Gateway  
  30  3:14  Pylon  
  30  3:28  Adept  
  32  3:37  Probe x2  
  34  3:43  Twilight Council  
  34  3:49  Probe  
  34  3:50  Probe  
  36  4:02  Adept x2  
  40  4:16  Probe x2  
  42  4:40  Assimilator  
  42  4:42  Assimilator  
  42  4:43  Adept (Chrono Boost)  
  42  4:45  Pylon, Adept (Chrono Boost)  
  50  5:07  Adept x2 (Chrono Boost)  
  50  5:08  Probe x2  
  52  5:22  Pylon  
  52  5:28  Robotics Facility  
  52  5:30  Robotics Facility  
  52  5:33  Gateway  
  52  5:34  Gateway  
  52  5:38  Pylon  
  52  5:50  Gateway  
  52  5:51  Resonating Glaives  
  52  5:56  Pylon  
  52  5:58  Probe x2  
  52  5:59  Pylon  
  52  6:02  Pylon  
  54  6:26  Immortal x2  
  63  6:32  Probe  
  63  6:33  Probe  
  60  7:02  Probe x2  
  62  7:10  Immortal x2  
  62  7:14  Probe  
  71  7:16  Nexus  
  71  7:25  Pylon  
  71  7:28  Pylon  
  71  7:30  Assimilator  
  71  7:35  Assimilator  
  71  7:50  Forge  
  71  7:51  Forge  
  71  7:56  Probe, Gateway  
  71  7:57  Probe  
  71  7:58  Gateway  
  73  8:00  Gateway  
  73  8:03  Immortal x2  
  81  8:07  Zealot x3  
  81  8:08  Zealot  
  89  8:15  Charge (Chrono Boost)  
  89  8:26  Probe  
  89  8:27  Probe  
  91  8:42  Probe x2  
  93  8:49  Adept x2  
  93  8:50  Adept  
  93  8:52  Zealot  
  93  8:53  Zealot  
  75  9:26  Zealot x3  
  75  9:27  Zealot x2  
  75  9:30  Immortal x2  
  77  9:49  Blink  
  77  9:53  Probe x2  
  79  10:05  Probe  
  80  10:17  Probe  
  80  10:20  Immortal x2  
  89  10:42  Nexus  
  89  10:46  Assimilator  
  89  10:47  Assimilator  
  89  10:50  Photon Cannon  
  89  10:51  Pylon  
  89  10:52  Photon Cannon  
  89  10:54  Pylon  
  89  10:55  Photon Cannon  
  89  10:56  Probe x2  
  91  10:58  Photon Cannon  
  91  11:00  Probe  
  91  11:04  Immortal x2  
  100  11:08  Probe  
  100  11:10  Adept  
  100  11:11  Adept x3  
  105  11:12  Adept  
  105  11:18  Protoss Ground Weapons Level 1  
  111  11:19  Protoss Ground Armor Level 1  
  111  11:26  Robotics Facility  
  111  11:31  Robotics Facility  
  111  11:32  Robotics Facility  
  111  11:38  Gateway  
  111  11:50  Adept  
  111  11:51  Adept x4  
  111  11:52  Adept x3  
  127  12:00  Probe x3  
  130  12:07  Photon Cannon x2  
  130  12:09  Photon Cannon  
  130  12:14  Probe x3  
  133  12:16  Pylon  
  133  12:29  Warp Prism  
  133  12:30  Warp Prism  
  137  12:49  Immortal x3  
  149  12:55  Adept x2  
  149  12:56  Adept x2  
  157  13:15  Templar Archives  
  157  13:16  Dark Shrine  
  157  13:25  Probe  
  157  13:26  Probe x2  
  160  13:41  Immortal x2  
  168  13:51  Nexus  
  168  13:53  Pylon  
  168  13:56  Pylon  
  112  14:12  High Templar x4  
  112  14:13  High Templar x4  
  94  14:38  High Templar  
  96  14:41  Immortal x4  
  96  14:42  Immortal  
  116  14:55  Stargate x2  
  116  14:57  Stargate  
  116  15:05  Assimilator  
  116  15:06  Assimilator  
  116  15:20  Immortal  
  120  15:28  Immortal x3  
  132  15:32  Zealot x4  
  132  15:33  Zealot x5  
Show
View Real Time Build Order
Export as new Build Order

A.I. 1 (Very Hard) Zerg - Winner!

Build Orders: Hatch First 

Get SALT Encoding   

  12  0:00  Drone  
  13  0:12  Overlord  
  13  0:17  Drone  
  14  0:30  Drone x2  
  14  0:34  Drone  
  17  0:54  Hatchery  
  17  0:56  Drone  
  17  1:13  Spawning Pool  
  17  1:16  Extractor  
  17  1:17  Drone  
  16  1:20  Drone  
  17  1:25  Drone  
  17  1:29  Drone  
  19  1:38  Overlord  
  19  1:49  Drone  
  20  2:01  Queen  
  20  2:03  Zergling x2  
  20  2:05  Drone  
  24  2:18  Queen  
  24  2:20  Drone  
  27  2:32  Roach Warren  
  27  2:36  Drone  
  27  2:38  Extractor  
  27  2:42  Drone  
  27  2:48  Overlord  
  27  2:52  Drone  
  27  2:56  Drone  
  29  2:58  Drone  
  29  3:01  Drone  
  31  3:05  Drone  
  31  3:08  Zergling x2  
  31  3:12  Zergling x2  
  34  3:16  Roach  
  36  3:20  Roach  
  36  3:24  Roach  
  40  3:28  Roach  
  40  3:30  Drone  
  40  3:33  Drone  
  44  3:38  Overlord  
  44  3:45  Lair  
  44  3:49  Metabolic Boost  
  44  3:54  Overlord  
  44  3:57  Drone  
  44  3:59  Drone  
  44  4:02  Drone  
  47  4:04  Zergling x2  
  47  4:06  Zergling x2  
  47  4:09  Zergling x2  
  50  4:16  Drone, Evolution Chamber  
  50  4:20  Evolution Chamber  
  50  4:21  Drone  
  50  4:24  Drone  
  50  4:25  Drone  
  50  4:27  Drone  
  50  4:30  Drone  
  54  4:42  Zerg Missile Weapons Level 1  
  54  4:46  Zerg Ground Armor Level 1  
  54  4:47  Hydralisk Den, Drone  
  54  4:50  Overlord  
  54  4:53  Roach  
  54  4:56  Roach  
  58  5:08  Drone x2, Overlord, Extractor  
  58  5:10  Drone  
  58  5:12  Drone  
  58  5:13  Drone  
  62  5:16  Drone  
  62  5:17  Hydralisk, Drone  
  62  5:20  Hydralisk  
  68  5:27  Drone  
  69  5:29  Infestation Pit  
  69  5:33  Overlord  
  69  5:35  Drone  
  69  5:37  Drone  
  69  5:38  Drone  
  69  5:40  Drone  
  69  5:42  Drone  
  73  5:43  Drone  
  74  5:51  Drone, Roach, Overlord  
  74  5:53  Drone  
  74  5:55  Roach  
  80  5:57  Roach  
  82  6:06  Infestor  
  82  6:09  Overlord, Extractor, Roach  
  82  6:10  Drone, Infestor  
  88  6:19  Ravager  
  88  6:22  Roach  
  88  6:24  Evolution Chamber  
  90  6:28  Overlord  
  90  6:30  Spine Crawler  
  90  6:32  Drone x3, Ravager  
  93  6:35  Roach  
  93  6:39  Hydralisk  
  97  6:43  Hydralisk  
  97  6:46  Overlord  
  99  6:47  Spine Crawler  
  99  6:48  Drone  
  99  6:58  Infestor  
  100  7:16  Infestor  
  100  7:19  Roach, Overlord  
  100  7:21  Roach  
  106  7:24  Roach  
  106  7:26  Spore Crawler  
  106  7:27  Hydralisk  
  106  7:29  Spore Crawler  
  108  7:30  Drone  
  108  7:33  Hydralisk  
  108  7:34  Overseer  
  108  7:37  Overlord  
  111  7:49  Lurker Den  
  110  7:57  Spine Crawler  
  109  8:03  Ravager  
  112  8:05  Roach  
  112  8:12  Ravager  
  113  8:14  Roach  
  113  8:15  Drone, Hatchery x2  
  113  8:16  Drone, Overlord  
  113  8:17  Roach  
  113  8:19  Roach  
  119  8:36  Spine Crawler  
  119  8:38  Hive  
  118  8:56  Queen, Overlord  
  120  9:06  Zerg Missile Weapons Level 2  
  120  9:07  Hydralisk  
  120  9:08  Hydralisk  
  124  9:13  Hydralisk, Roach  
  124  9:14  Zergling x4, Overlord  
  124  9:15  Zergling x4, Spine Crawler, Roach  
  124  9:16  Zergling x2  
  126  9:19  Hydralisk  
  107  9:24  Roach  
  107  9:25  Roach  
  107  9:27  Zergling x4, Drone x2, Roach  
  107  9:28  Drone x4  
  107  9:29  Drone x2, Roach  
  107  9:31  Queen, Drone  
  105  9:37  Drone  
  105  9:38  Roach, Extractor  
  97  9:39  Drone  
  97  9:41  Drone  
  97  9:45  Infestor  
  94  9:46  Drone x2  
  94  9:48  Drone  
  94  9:49  Drone  
  94  9:51  Drone  
  94  9:52  Drone  
  102  9:58  Viper  
  102  9:59  Roach  
  107  10:01  Drone x3, Roach  
  107  10:04  Roach  
  114  10:09  Infestor  
  114  10:10  Hydralisk  
  118  10:14  Hydralisk  
  118  10:16  Zergling x2  
  118  10:18  Hydralisk, Zergling x4  
  125  10:21  Hydralisk  
  125  10:24  Hydralisk  
  129  10:29  Hydralisk  
  129  10:32  Hydralisk  
  133  10:36  Hydralisk  
  133  10:39  Hydralisk  
  133  10:41  Extractor  
  136  10:46  Ravager  
  136  10:48  Roach  
  139  10:53  Ravager  
  139  10:55  Roach  
  139  10:57  Roach  
  144  10:59  Roach  
  144  11:00  Roach, Overlord  
  144  11:02  Roach  
  152  11:04  Roach  
  152  11:06  Roach  
  152  11:08  Roach  
  156  11:16  Infestor  
  158  11:19  Overlord  
  158  11:25  Infestor  
  160  11:32  Zerg Melee Weapons Level 1  
  160  11:38  Spine Crawler  
  160  11:39  Lurker  
  160  11:40  Spore Crawler  
  160  11:41  Hydralisk, Spine Crawler  
  160  11:43  Spine Crawler  
  160  11:44  Spine Crawler  
  160  11:45  Drone  
  159  11:48  Lurker  
  159  11:51  Hydralisk, Overlord  
  162  12:01  Overseer x2  
  162  12:07  Pneumatized Carapace  
  162  12:21  Spire  
  161  12:24  Spore Crawler  
  161  12:26  Spore Crawler  
  161  12:28  Spore Crawler  
  161  12:29  Drone  
  159  12:45  Spine Crawler  
  159  12:46  Drone, Hatchery  
  158  12:53  Infestor  
  160  13:03  Infestor  
  160  13:05  Spine Crawler  
  161  13:08  Spore Crawler  
  161  13:09  Drone  
  161  13:12  Spine Crawler  
  160  13:13  Drone  
  160  13:15  Viper, Spore Crawler  
  160  13:16  Drone  
  164  13:26  Zergling x2, Overlord, Zerg Melee Weapons Level 2  
  165  13:34  Greater Spire  
  165  13:35  Zergling x2  
  165  13:36  Corruptor x2  
  170  13:43  Spore Crawler  
  170  13:44  Zerg Missile Weapons Level 3, Drone  
  170  13:47  Roach x2  
  174  13:49  Roach  
  174  13:51  Hydralisk  
  174  13:54  Hydralisk, Zergling x2, Queen  
  174  13:55  Zergling x4  
  177  13:56  Zergling x6  
  177  13:58  Hydralisk, Zergling x2  
  177  13:59  Zergling x2, Drone x3  
  177  14:00  Drone x3  
  177  14:01  Zergling x2, Drone x3  
  177  14:02  Drone x3, Roach x2  
  181  14:03  Drone  
  181  14:04  Drone  
  181  14:05  Drone  
  181  14:07  Drone  
  181  14:09  Drone  
  160  14:10  Extractor  
  160  14:11  Drone  
  160  14:12  Drone  
  160  14:13  Drone, Spore Crawler  
  160  14:16  Drone  
  159  14:17  Roach  
  159  14:19  Roach  
  159  14:21  Roach  
  159  14:23  Roach  
  164  14:25  Roach  
  164  14:27  Roach  
  164  14:29  Infestor  
  170  14:35  Queen, Infestor  
  174  14:45  Infestor  
  174  14:46  Drone, Extractor, Brood Lord  
  174  14:47  Extractor  
  174  14:48  Drone  
  174  14:52  Corruptor  
  180  15:01  Brood Lord  
  182  15:07  Corruptor  
  182  15:10  Hydralisk  
  182  15:13  Hydralisk  
  188  15:15  Hydralisk  
  188  15:18  Hydralisk  
  192  15:22  Hydralisk  
  192  15:23  Hydralisk, Zergling x4  
  192  15:26  Overseer, Overlord  
  198  15:35  Spine Crawler  
  197  15:38  Drone, Spore Crawler  
  197  15:45  Drone  
  198  15:59  Hydralisk, Spine Crawler  
  198  16:03  Hydralisk  
  198  16:04  Hydralisk, Spore Crawler  
  196  16:05  Drone  
  196  16:06  Zergling x2  
  196  16:07  Zergling x4  
  196  16:08  Spine Crawler, Roach  
  196  16:10  Spine Crawler, Roach  
  198  16:11  Drone  
  198  16:14  Drone, Spire  
  198  16:16  Spine Crawler  
  198  16:17  Drone  
Tags
 
Matchup
PvZ
Replay Pack
First 100 games
Spawn Locations
Cross Positions
Add a new tag
Caveats
  • Supply blocks, unpowered buildings, or Contaminate may cause inaccurate times.
  • Supply counts are checked every 10 seconds.